 Dungeon Crawl Stone Soup version 0.23.2-33-g5129a83184 (webtiles) character file.

Game seed: 12364995151512708765

1616 expyrelain the Fighter (level 8, 0/83 HPs)
             Began as a Purple Draconian Wanderer on July 6, 2019.
             Slain by a hog (5 damage)
             ... on level 7 of the Dungeon.
             The game lasted 00:06:28 (5874 turns).

expyrelain the Fighter (Purple Draconian Wanderer)  Turns: 5874, Time: 00:06:28

Health: 0/83       AC:  7    Str: 15    XL:     8   Next: 64%
Magic:  9/9        EV: 12    Int: 13    God:
Gold:   53         SH:  3    Dex: 12    Spells: 9/9 levels left

rFire    . . .     SeeInvis .   b - +1 dagger (venom)
rCold    . . .     Gourm    .   q - +0 buckler
rNeg     . . .     Faith    .   (armour unavailable)
rPois    .         Spirit   .   (helmet restricted)
rElec    .         Reflect  .   i - +0 cloak
rCorr    .         Harm     .   (no gloves)
MR       ++...                  (no boots)
Stlth    +.........             (no amulet)
HPRegen  0.23/turn              r - +2 ring of evasion
MPRegen  0.11/turn              t - ring of protection from magic

@: no status effects
A: breathe power, unfitting armour, cold-blooded, AC +6
a: Breathe Dispelling Energy


You were on level 7 of the Dungeon.
You were hungry.

You visited 1 branch of the dungeon, and saw 6 of its levels.

You collected 235 gold pieces.
You spent 182 gold pieces at shops.

Inventory:

Hand Weapons
 a - a +0 hand crossbow
 b - a +1 dagger of venom (weapon)
 g - a +2 short sword of flaming
 u - a +2 short sword of speed
Missiles
 d - 84 bolts
Armour
 i - a +0 cloak (worn)
 q - a +0 buckler (worn)
Jewellery
 k - an uncursed ring of magical power
 r - a +2 ring of evasion (left hand)
 t - a ring of protection from magic (right hand)
 v - an uncursed amulet of harm {unknown}
 y - an uncursed amulet of faith {unknown}
Wands
 F - a wand of flame (20)
 G - a wand of iceblast (4)
Scrolls
 c - 2 scrolls of magic mapping {unknown}
 h - 3 scrolls of teleportation {unknown}
 j - a scroll of amnesia {unknown}
 m - 2 scrolls of remove curse {unknown}
 n - 7 scrolls of identify {unknown}
 o - 2 scrolls of fog {unknown}
 s - a scroll of blinking {unknown}
 w - a scroll of random uselessness {unknown}
 C - a scroll of enchant armour {unknown}
Potions
 e - 2 potions of haste {unknown}
 l - a potion of flight {unknown}
 p - 2 potions of magic {unknown}
 x - 3 potions of curing
 z - a potion of brilliance {unknown}
 A - a potion of cancellation {unknown}
 B - 2 potions of degeneration {unknown}
 D - a potion of lignification
 E - a potion of mutation
 H - a potion of agility {unknown}
Comestibles
 f - 12 rations
 I - a chunk of flesh


   Skills:
 * Level 11.8 Fighting
 - Level 1.7 Crossbows
 - Level 1.0 Shields
 - Level 1.2 Spellcasting
   Level 2.0 Conjurations
   Level 2.0 Summonings
 - Level 1.1 Evocations


You had 9 spell levels left.
You didn't know any spells.
Your spell library contained the following spells:

 Spells                   Type           Power        Failure   Level  Hunger
 Magic Dart               Conj           #...         19%         1    ##.....
 Sting                    Conj/Pois      #...         26%         1    ##.....
 Call Imp                 Summ           #.......     26%         2    ###....
 Blink                    Tloc           N/A          52%         2    ###....
 Slow                     Hex            #.......     52%         2    ###....
 Conjure Flame            Conj/Fire      #.......     63%         3    ####...
 Stone Arrow              Conj/Erth      #.....       63%         3    ####...
 Mephitic Cloud           Conj/Pois/Air  #.......     67%         3    ####...


Dungeon Overview and Level Annotations

Branches:
Dungeon (5/15)
 Temple: D:4-7

Altars:
Gozag
Makhleb
Nemelex Xobeh
Okawaru
Ru
Vehumet
Xom
Yredelemnul
Zin

Shops:
D:5 !


Innate Abilities, Weirdness & Mutations

You can breathe bolts of dispelling energy.
Your rich purple scales are hard. (AC +6)
You cannot fit into any form of body armour.
You are cold-blooded and may be slowed by cold attacks.


Message History

* * * LOW HITPOINT WARNING * * *
The hog barely misses you.
Unknown command.
You hit the hog but do no damage.
The hog is heavily wounded.
The hog completely misses you. The hog barely misses you.
Unknown command.
Unknown command.
You closely miss the hog.
The hog is severely wounded.
The hog bites you but does no damage. The hog bites you.
* * * LOW HITPOINT WARNING * * *
The hog bites you.
* * * LOW HITPOINT WARNING * * *
Unknown command.
Unknown command.
You barely miss the hog.
Your tail-slap misses the hog.
The hog is severely wounded.
The hog misses you. The hog bites you but does no damage. The hog bites you.
You die...

######## ## #......# #
.############## #.####.#
## )........hh...# #.#
##.####. #.#.#########h#
#.# #....... #....## #.#
#.# #..####. ......# #.#
#.# #..# ## ......#
####.#### #.###..# #
..#.#.# #.....h@# #......#
..#.#.# #.##.##h#
#####.### .##.#.#
#.##....# #...# . #+#.#
#.##..#.# #...# . ..#
#.###...# #...# ..#
#.####..# ######.###
#.##.#..# #........# #
##.......#####.###....###
+.........รท.............+


You could see 2 hogs.

Vanquished Creatures
  Sigmund (D:2)
  A human (D:7)
  2 hogs (D:7)
  2 sky beasts (D:5)
  A centaur (D:7)
  A big kobold (D:3)
  2 bullfrogs (D:7)
  A water moccasin skeleton (D:4)
  An orc priest (D:4)
  5 hounds
  3 iguanas
  2 worker ants
  A hound zombie (D:7)
  Robin (D:2)
  3 gnolls (D:2)
  9 adders
  An ooze (D:2)
  3 worms (D:2)
  2 dart slugs (D:2)
  4 leopard geckos
  10 orcs
  2 ball pythons
  2 giant cockroaches
  7 hobgoblins
  10 jackals
  4 quokkas
  10 bats
  3 frilled lizards
  5 goblins
  14 kobolds
  13 rats
126 creatures vanquished.

Notes
Turn   | Place    | Note
-------+----------+-------------------------------------------
     0 | D:1      | expyrelain the Draconian Wanderer began the quest for the
                  | Orb.
     0 | D:1      | expyrelain set off with the following items: a +0 hand
                  | crossbow, 23 bolts, a ration; and the following spells
                  | available to memorise: Magic Dart, Sting, Call Imp, Blink,
                  | Slow, Conjure Flame, Stone Arrow, Mephitic Cloud
     0 | D:1      | Reached XP level 1. HP: 16/16 MP: 2/2
   260 | D:1      | Reached skill level 2 in Fighting
   287 | D:1      | Reached XP level 2. HP: 25/25 MP: 3/3
  1184 | D:1      | Reached skill level 3 in Fighting
  1330 | D:2      | Noticed Robin
  1612 | D:2      | Reached XP level 3. HP: 31/31 MP: 4/4
  1620 | D:2      | Killed Robin
  1784 | D:2      | Noticed Sigmund
  1793 | D:2      | Killed Sigmund
  1793 | D:2      | Reached skill level 6 in Fighting
  1793 | D:2      | Reached XP level 4. HP: 29/44 MP: 5/5
  1793 | D:2      | Reached XP level 5. HP: 33/50 MP: 6/6
  2377 | D:2      | Reached XP level 6. HP: 49/58 MP: 7/7
  2575 | D:2      | Reached skill level 7 in Fighting
  3028 | D:3      | Found a burning altar of Makhleb.
  3036 | D:3      | Noticed a blizzard demon
  3038 | D:3      | Found a glowing silver altar of Zin.
  3038 | D:3      | Noticed an angel
  3612 | D:3      | Found a sacrificial altar of Ru.
  3689 | D:4      | Found a sparkling altar of Nemelex Xobeh.
  3690 | D:4      | Found a shimmering altar of Xom.
  3691 | D:4      | Found a basalt altar of Yredelemnul.
  3692 | D:4      | Found an opulent altar of Gozag.
  3692 | D:4      | Found an iron altar of Okawaru.
  3838 | D:4      | Reached skill level 8 in Fighting
  3876 | D:4      | Your scales start taking on a rich purple colour.
  3876 | D:4      | Reached XP level 7. HP: 55/68 MP: 8/8
  5014 | D:5      | Entered Level 5 of the Dungeon
  5032 | D:5      | Found Xittuskix's Distillery.
  5040 | D:5      | Bought a potion of curing for 39 gold pieces
  5040 | D:5      | Bought a potion of lignification for 39 gold pieces
  5040 | D:5      | Bought a potion of mutation for 104 gold pieces
  5088 | D:5      | Reached skill level 9 in Fighting
  5185 | D:5      | Found a radiant altar of Vehumet.
  5222 | D:5      | Reached skill level 10 in Fighting
  5475 | D:5      | You fall through a shaft for 2 floors!
  5505 | D:7      | Reached XP level 8. HP: 79/79 MP: 9/9
  5843 | D:7      | Reached skill level 11 in Fighting
  5874 | D:7      | Slain by a hog

Skill      XL: |  1  2  3  4  5  6  7  8 |
---------------+-------------------------+-----
Fighting       | 2 3 6 8 10 11 | 11.8
Crossbows      | |  1.7
Shields        | |  1.0
Spellcasting   | |  1.2
Conjurations   | |  2.0
Summonings     | |  2.0
Evocations     | |  1.1

Action                   |  1- 3 |  4- 6 |  7- 9 || total
-------------------------+-------+-------+-------++-------
Melee: Dagger            |    68 |   234 |   179 ||   481
       Unarmed           |     6 |       |       ||     6
       Tailslap          |     8 |    28 |    28 ||    64
 Fire: Hand crossbow     |     5 |     1 |       ||     6
 Abil: Breathe Dispellin |       |       |     4 ||     4
 Stab: Sleeping          |       |     1 |       ||     1
  Eat: Chunk             |     3 |     6 |     7 ||    16
Armor: Skin              |    41 |   103 |    62 ||   206
Dodge: Dodged            |    60 |   162 |   120 ||   342
Block: Buckler           |       |    28 |    23 ||    51
